 Dungeon Crawl Stone Soup version 0.20.1-1-g8b1a95d (webtiles) character file.

1383 letownia2 the Reanimator (level 8, -1/69 HPs)
             Began as a Deep Dwarf Necromancer on Nov 5, 2017.
             Was an Initiate of Gozag.
             Slain by a sky beast (2 damage)
             ... on level 5 of the Dungeon.
             The game lasted 00:18:17 (6050 turns).

letownia2 the Reanimator (Deep Dwarf Necromancer)   Turns: 6050, Time: 00:18:17

Health: -1/69      AC:  2    Str: 12    XL:     8   Next: 40%
Magic:  15/15      EV: 11    Int: 18    God:    Gozag
Gold:   706        SH:  0    Dex: 15    Spells: 13/17 levels left

rFire    . . .     SeeInvis .   a - staff of cold
rCold    + . .     Gourm    .   (no shield)
rNeg     . . .     Faith    .   (no armour)
rPois    .         Spirit   .   (no helmet)
rElec    .         Reflect  .   (no cloak)
rCorr    .         Harm     .   z - +1 pair of gloves
MR       +....                  (no boots)
Stlth    ++........             (no amulet)
Regen    0.0/turn               B - +2 ring of dexterity
MPRegen  0.2/turn               G - -2 ring of evasion

@: non-regenerating
A: damage resistance, heal wounds, sense surroundings 1, no regeneration
a: Heal Wounds, Potion Petition, Call Merchant, Bribe Branch, Renounce Religion


You were on level 5 of the Dungeon.
You worshipped Gozag.
Gozag was pleased with you.
You were not hungry.

You visited 1 branch of the dungeon, and saw 6 of its levels.
You also visited: Sewer.

You collected 771 gold pieces.
You paid 65 gold pieces to Gozag.

Inventory:

Hand Weapons
 e - a +0 dagger
 h - a -2 whip
 F - a +4 long sword
Missiles
 t - 20 poisoned needles
Armour
 m - a +0 scale mail
 s - a +0 ring mail
 y - a +2 leather armour of magic resistance
 z - a +1 pair of gloves (worn)
Magical Staves
 a - an uncursed staff of cold (weapon)
Jewellery
 B - a +2 ring of dexterity (left hand)
 G - a -2 ring of evasion (right hand)
Wands
 w - a wand of confusion (6/48)
 E - a wand of iceblast (5/15)
Scrolls
 d - 6 scrolls of identify
 j - a scroll of fog {unknown}
 l - a scroll of immolation
 p - a scroll of enchant armour
 q - 3 scrolls of enchant weapon
 v - a scroll of fear {unknown}
 x - a scroll of teleportation
 C - a scroll of recharging {unknown}
 D - a scroll of remove curse
Potions
 g - a potion of lignification {unknown}
 i - 3 potions of brilliance {unknown}
 k - 5 potions of might {unknown}
 n - 3 potions of curing {unknown}
 o - 3 potions of heal wounds {unknown}
 r - 2 potions of flight {unknown}
 u - 3 potions of agility {unknown}
 A - a potion of magic {unknown}
 H - a potion of resistance {unknown}
 I - 2 potions of ambrosia {unknown}
 J - a potion of degeneration {unknown}
 K - a potion of berserk rage {unknown}
Books
 b - a book of Necromancy

   Spells                             Type                      Level
   a - Pain                           Necromancy                   1
   b - Animate Skeleton               Necromancy                   1
   c - Vampiric Draining              Necromancy                   3
   d - Regeneration                   Charms/Necromancy            3
   e - Animate Dead                   Necromancy                   4
   f - Control Undead                 Necromancy                   4
Comestibles
 c - 3 bread rations
 f - 6 meat rations


   Skills:
 - Level 3.3 Fighting
 - Level 2.0 Armour
 - Level 2.1 Dodging
 - Level 2.4 Stealth
 + Level 5.3 Spellcasting
 - Level 8.3 Necromancy
 + Level 3.6 Evocations


You had 13 spell levels left.
You knew the following spells:

 Your Spells              Type           Power        Failure   Level  Hunger
a - Pain                  Necr           ####         1%          1    None
v - Vampiric Draining     Necr           ####......   1%          3    ##.....


Dungeon Overview and Level Annotations

Branches:
Dungeon (6/15)
 Temple: D:4-7

Altars:
Dithmenos
Elyvilon
Gozag
Hepliaklqana
Qazlal
Uskayaw
Xom

Shops:
D:5 }

Annotations:
D:5 Prince Ribbit


Innate Abilities, Weirdness & Mutations

You are resistant to damage.
You can heal yourself by infusing magical energy.
You passively map a small area around you.
You do not regenerate.


Message History

A worker ant comes into view.
There is a stone staircase leading up here.
You see here 2 arrows.
Unknown command.
Unknown command.
The centaur shoots an arrow.
The arrow closely misses you. Something hits you.
* * * LOW HITPOINT WARNING * * *
Something shocks you.
* * * LOW HITPOINT WARNING * * *
The centaur shoots an arrow.
The arrow hits you!
* * * LOW HITPOINT WARNING * * *
You climb upwards.
Level annotation: Prince Ribbit
There is a stone staircase leading down here.
Unknown command.
You hit something. Something hits you. Something shocks you.
* * * LOW HITPOINT WARNING * * *
Something hits you. Something shocks you.
You die...
Your body crumbles into a pile of gold.

* #.# #.# # #.# #.# )# #.#
#.# .# #.# ##(# .# #.#
#..# .## #.# #.## ..# #.#
#.# ..# #########.# #.#
..# #..<...@..# #.#
##########.#######.# #.#
............# #.# #.#
##########..# #.# #.# #
#..# #.# #.# #
#..######.#####.# #
#...............#
##########.........#######
.............#####.#


There were no monsters in sight!

Vanquished Creatures
  Eustachio (D:5)
  A water moccasin (D:6)
  Duvessa (D:4)
  2 centaurs
  4 big kobolds (Sewer)
  Dowan (D:4)
  A howler monkey (D:4)
  3 hounds
  An orc priest (D:6)
  Ijyb (D:5)
  An iguana (D:6)
  3 orc wizards
  3 gnolls (D:4)
  9 adders
  2 shadow imps
  3 oozes
  An adder skeleton (D:5)
  2 worms
  4 leopard geckos
  17 orcs
  2 ball pythons (Sewer)
  12 bats
  9 giant cockroaches
  8 goblins
  10 hobgoblins
  2 jackals (D:2)
  16 kobolds
  3 quokkas
  6 frilled lizards
  13 rats
142 creatures vanquished.

Vanquished Creatures (others)
  A quokka (D:6)
  A plant (D:6)
2 creatures vanquished.

Grand Total: 144 creatures vanquished

Notes
Turn   | Place    | Note
-------+----------+-------------------------------------------
     0 | D:1      | letownia2 the Deep Dwarf Necromancer began the quest for the Orb.
     0 | D:1      | Reached XP level 1. HP: 15/15 MP: 3/3
   151 | D:1      | You fall through a shaft!
   503 | D:2      | Reached XP level 2. HP: 22/22 MP: 3/5
   740 | D:3      | Reached skill level 5 in Necromancy
   812 | D:3      | Reached XP level 3. HP: 28/28 MP: 3/6
   897 | D:3      | Learned a level 3 spell: Vampiric Draining
   968 | D:3      | Found a glowing drain.
   972 | Sewer    | Entered a sewer
  1193 | Sewer    | Reached XP level 4. HP: 23/36 MP: 4/8
  1232 | Sewer    | Noticed a big kobold
  1233 | Sewer    | Noticed a big kobold
  1234 | Sewer    | Noticed a big kobold
  1261 | Sewer    | Killed a big kobold
  1261 | Sewer    | Reached XP level 5. HP: 32/42 MP: 0/10
  1311 | Sewer    | Reached skill level 6 in Necromancy
  1382 | Sewer    | Reached XP level 6. HP: 35/49 MP: 0/11
  1649 | Sewer    | Reached skill level 7 in Necromancy
  1731 | D:4      | Reached skill level 1 in Armour
  1922 | D:3      | Found a faded altar of an unknown god.
  1992 | D:4      | Found a hide-covered altar of Uskayaw.
  2223 | D:4      | Found an opulent altar of Gozag.
  2429 | D:4      | Became a worshipper of Gozag Ym Sagoz the Greedy
  2441 | D:4      | Noticed Dowan
  2444 | D:4      | Noticed Duvessa
  2453 | D:4      | Killed Dowan
  2453 | D:4      | Reached XP level 7. HP: 29/55 MP: 0/13
  2866 | D:4      | Killed Duvessa
  2866 | D:4      | Reached skill level 1 in Fighting
  3094 | D:3      | Reached skill level 8 in Necromancy
  3592 | D:2      | Found an opulent altar of Gozag.
  3602 | D:2      | Found a stormy altar of Qazlal.
  3608 | D:2      | Found a hazy altar of Hepliaklqana.
  4815 | D:5      | Entered Level 5 of the Dungeon
  4827 | D:5      | Noticed Eustachio
  4838 | D:5      | Killed Eustachio
  4961 | D:5      | Found Cize's Gadget Emporium.
  4961 | D:5      | Noticed Ijyb
  4968 | D:5      | Killed Ijyb
  5026 | D:5      | Noticed Prince Ribbit
  5054 | D:5      | Reached skill level 1 in Evocations
  5054 | D:5      | Reached XP level 8. HP: 45/69 MP: 1/14
  5233 | D:5      | Found a shadowy altar of Dithmenos.
  5566 | D:6      | Found a shimmering altar of Xom.
  5627 | D:6      | Found a white marble altar of Elyvilon.
  5642 | D:6      | Reached skill level 5 in Spellcasting
  6050 | D:5      | HP: 1/69 [something (4)]
  6050 | D:5      | Slain by a sky beast

Skill      XL: |  1  2  3  4  5  6  7  8 |
---------------+-------------------------+-----
Spellcasting   | 2 3 4 5 |  5.3
Necromancy     | 5 6 7 8 |  8.3
Armour         | 2 |  2.0
Fighting       | 3 |  3.3
Evocations     | 1 3 |  3.6
Dodging        | |  2.1
Stealth        | |  2.4

Action                   |  1- 3 |  4- 6 |  7- 9 || total
-------------------------+-------+-------+-------++-------
Melee: Unarmed           |     2 |       |       ||     2
       Dagger            |     8 |    52 |   127 ||   187
       Staff             |       |       |     1 ||     1
 Cast: Pain              |    44 |    77 |   116 ||   237
       Vampiric Draining |     4 |    15 |    39 ||    58
  Use: Scroll            |       |       |     6 ||     6
 Stab: Sleeping          |       |       |     1 ||     1
  Eat: Chunk             |     2 |     5 |     1 ||     8
       Royal jelly       |       |       |     2 ||     2
       Meat ration       |       |       |     1 ||     1
       Bread ration      |       |       |     1 ||     1
Armor: Robe              |     4 |     4 |       ||     8
       Scale mail        |       |    23 |    74 ||    97
       Skin              |       |       |     6 ||     6
Dodge: Dodged            |    17 |    52 |    91 ||   160
